 Dungeon Crawl Stone Soup version 0.29-a0-23-ga79f92ac9c (webtiles) character file.

Game seed: 415074272110361090

14 Nattfarinn the Chopper (level 2, 0/21 HPs)
             Began as a Djinni Wanderer on Jan 29, 2022.
             Slain by an adder (3 damage)
             ... on level 1 of the Dungeon.
             The game lasted 00:01:38 (928 turns).

Nattfarinn the Chopper (Djinni Wanderer)             Turns: 928, Time: 00:01:38

Health: 0/21       AC:  3    Str: 14    XL:     2   Next: 55%
Gold:   17         EV: 11    Int: 11    God:
                   SH:  0    Dex: 11

rFire   + + .      SeeInvis .   a - +2 hand axe
rCold   x . .      Faith    .   (no shield)
rNeg    . . .      Spirit   .   d - +0 leather armour
rPois   ∞          Reflect  .   (no helmet)
rElec   .          Harm     .   (no cloak)
rCorr   .          Rampage  .   (no gloves)
Will    .....                   (boots unavailable)
Stlth   +.........              (no amulet)
HPRegen 0.07/turn               (no ring)
MPRegen 0.00/turn               (no ring)

@: flying
A: sickness immunity, fire resistance 2, cold vulnerability 1, float, innate
caster, HP casting, extra vitality 1
a: no special abilities


You were on level 1 of the Dungeon.
You visited 1 branch of the dungeon, and saw 2 of its levels.

You collected 17 gold pieces.

Inventory:

Hand Weapons
 a - a +2 hand axe (weapon)
 c - a +0 dagger
Missiles
 b - 13 poisoned darts
Armour
 d - a +0 leather armour (worn)
Scrolls
 e - 3 scrolls of fear {unknown}
Potions
 f - 2 potions of haste {unknown}
 g - a potion of invisibility {unknown}


   Skills:
 * Level 3.6 Axes
 - Level 1.0 Throwing
 - Level 1.1 Dodging
 + Level 3.4 Spellcasting


You had 3 spell levels left.
You knew the following spells:

 Your Spells              Type           Power      Damage    Failure   Level
a - Sting                 Tmut/Pois      36%        1d4       8%          1
b - Mephitic Cloud        Conj/Pois/Air  9%         N/A       24%         3

Your spell library contained the following spells:

 Spells                   Type           Power      Damage    Failure   Level


Dungeon Overview and Level Annotations

Branches:
Dungeon (2/15)

Altars:


Innate Abilities, Weirdness & Mutations

You are immune to sickness and miasma.
You are immune to poison.
Your flesh is very heat resistant. (rF++)
You are vulnerable to cold. (rC-)
You float through the air rather than walking.
You learn spells naturally, not from books.
Your magical power is your life essence.
You have superior vitality. (+4 MHP)


Message History

The adder closely misses you. The adder bites you.
Found a scroll labelled ZUFEOD IT MEMM.
The adder barely misses you.
You see here a scroll labelled ZUFEOD IT MEMM.
The adder bites you.
Found a hunting sling.
The adder barely misses you. The adder bites you.
Found a stone staircase leading up.
The adder barely misses you.
You see here a +0 hunting sling.
The adder closely misses you.
Found 10 gold pieces.
There is a stone staircase leading up here.
The adder bites you.
You fly upwards.
There is a stone staircase leading down here.
You are too injured to fight recklessly!
You closely miss the adder. The adder bites you. x2
* * * LOW HITPOINT WARNING * * *
You slash the adder!
The adder is severely wounded.
The adder closely misses you.
You hit the adder.
The adder is severely wounded.
The adder bites you.
* * * LOW HITPOINT WARNING * * *
The adder closely misses you.
You miss the adder.
The adder is severely wounded.
The adder bites you but does no damage.
You barely miss the adder.
The adder is severely wounded.
The adder closely misses you. The adder bites you.
* * * LOW HITPOINT WARNING * * *
You closely miss the adder.
The adder is severely wounded.
The adder bites you.
You die...

#.# #.# ####.#
..... ##.#.##
#..... #(..S# #.#
#...@# #.#
#.........# #.#
..........##### #.#
#.......#.#.#.###.#
..##...#.#.#.#.##.#
# #... #.#.#.###.#
#... #<#.#.##.#
...#
#.#.#.#...######
#.#.#.#..#....##.


You could see an adder.

Vanquished Creatures
  4 ball pythons (D:1)
  3 bats (D:1)
  A hobgoblin (D:1)
  A kobold (D:2)
  A quokka (D:1)
  A frilled lizard (D:1)
  A rat (D:1)
12 creatures vanquished.

Notes
Turn   | Place    | Note
-------+----------+-------------------------------------------
     0 | D:1      | Nattfarinn the Djinni Wanderer began the quest for the Orb.
     0 | D:1      | Reached XP level 1. HP: 15/15 MP: 0/0
   629 | D:1      | Reached XP level 2. HP: 21/21 MP: 0/0
   671 | D:1      | Found a faded altar of an unknown god.
   858 | D:1      | You are sucked into a shaft and drop 1 floor!
   858 | D:2      | Noticed a phantom
   928 | D:1      | Slain by an adder

Illustrated notes

Levels and vault maps discovered:
D:1:      lightli_arrival_chessboard, layout_loops_ring, serial_glass,
          glass_columns_a, glass_columns_b, glass_columns_c, glass_columns_c,
          glass_columns_b, nicolae_ecumenical_snake_handling,
          nrook_loot_triangle
D:2:      layout_loops_ring

Action                   || total
-------------------------++-------
Melee: Hand axe          ||    14
Throw: Dart              ||     1
 Cast: Sting             ||    22
Armor: Leather armour    ||     6
Dodge: Dodged            ||    27

Table legend: (Time is in decaauts)
 A = Elapsed time spent in this place.
 B = Non-inter-level travel time spent in this place.
 C = Inter-level travel time spent in this place.
 D = Time resting spent in this place.
 E = Time spent auto-exploring this place.
 F = Levels seen in this place.
 G = Mean time per level.
                   A        B        C        D        E       F      G
               +--------+--------+--------+--------+--------+-----+--------+
         Total |    929 |    929 |      0 |      0 |    799 |   2 |  464.5 |
       Dungeon |    929 |    929 |      0 |      0 |    799 |   2 |  464.5 |
               +--------+--------+--------+--------+--------+-----+--------+

Top non-repeatable levels by time:
     D:1: 866 daAuts
     D:2: 63 daAuts
